[Event "AUT-ch U18 Boys 2022"]
[Site "Sankt Veit an der Glan"]
[Date "2022.04.12"]
[Round "5.6"]
[White "Pribozic, Manuel"]
[Black "Loreth, Thomas"]
[Result "0-1"]
[ECO "B01"]
[WhiteElo "1543"]
[BlackElo "1628"]
[Annotator "NA RC"]
[PlyCount "102"]
[EventDate "2022.04.11"]
[EventType "swiss"]
[EventCountry "AUT"]
[SourceTitle "playchess.com"]
[Source "ChessBase"]
[SourceQuality "1"]
[TimeControl "5400+30"]

1. e4 d5 2. exd5 Nf6 3. d4 Bg4 4. Be2 Bxe2 5. Qxe2 Qxd5 6. Nf3 Nc6 7. c4 Qh5 8. Nc3 e6 9. d5 Nd8 10. Bf4 Bb4 11. Bxc7 Bxc3+ 12. bxc3 O-O 13. d6 Ne8 14. Qe4 Nxc7 15. dxc7 Nc6 16. Rb1 Qa5 17. Rxb7 Qxc3+ 18. Nd2 Nd4 19. Rb1 Nc2+ 20. Kd1 Nb4 21. Ke2 Na6 22. Qc6 Qe5+ 23. Qe4 Qxc7 24. g3 Rad8 25. Rhd1 Nc5 26. Qc2 Qc6 27. Nf3 g6 28. Ne5 Qc7 29. Nd3 Rc8 30. Nxc5 Qxc5 31. Rdc1 Rfd8 32. Rb5 Qc6 33. Qb3 Qe4+ 34. Qe3 Rxc4 35. Qxe4 Rxe4+ 36. Kf3 Ra4 37. Rc2 Rd7 38. Rbb2 Kg7 39. Rc3 f5 40. Ke3 Kf6 41. f4 g5 42. Kf3 gxf4 43. gxf4 Rdd4 44. Rc7 Rxf4+ 45. Kg3 Rg4+ 46. Kf3 Rh4 47. Kg2 h5 48. Rc8 Rhg4+ 49. Kf2 Raf4+ 50. Ke1 Rg1+ 51. Kd2 Rg2+ 0-1

[Event "AUT-ch U18 Boys 2022"]
[Site "Sankt Veit an der Glan"]
[Date "2022.04.12"]
[Round "5.7"]
[White "Weichhart, Daniel"]
[Black "Hechl, Fabian"]
[Result "1/2-1/2"]
[ECO "A40"]
[WhiteElo "2032"]
[BlackElo "2023"]
[Annotator "RC"]
[PlyCount "60"]
[EventDate "2022.04.11"]
[EventType "swiss"]
[EventCountry "AUT"]
[SourceTitle "playchess.com"]
[Source "ChessBase"]
[SourceQuality "1"]
[TimeControl "5400+30"]

1. d4 e6 2. c4 b6 3. e4 Bb4+ 4. Bd2 Bxd2+ 5. Qxd2 d5 6. cxd5 exd5 7. e5 Ne7 8. Nc3 O-O 9. O-O-O a6 10. h3 Be6 11. f4 c5 12. Nf3 Nbc6 13. g4 cxd4 14. Ne2 b5 15. Nexd4 Qa5 16. Qxa5 Nxa5 17. b3 Rac8+ 18. Kb2 Nb7 19. Bd3 Nc5 20. Rhe1 Ng6 21. Bxg6 hxg6 22. Ng5 Bd7 23. Rd2 Ne6 24. Ngxe6 fxe6 25. Rf2 Kf7 26. Rc1 Ke7 27. Rxc8 Rxc8 28. Rf3 a5 29. a3 a4 30. b4 Rc4 1/2-1/2

[Event "AUT-ch U18 Boys 2022"]
[Site "Sankt Veit an der Glan"]
[Date "2022.04.12"]
[Round "5.9"]
[White "Koestner, Laurin"]
[Black "Martetschlaeger, Stefan"]
[Result "0-1"]
[ECO "B31"]
[WhiteElo "1746"]
[BlackElo "1679"]
[Annotator "NA RC"]
[PlyCount "46"]
[EventDate "2022.04.11"]
[EventType "swiss"]
[EventCountry "AUT"]
[SourceTitle "playchess.com"]
[Source "ChessBase"]
[SourceQuality "1"]
[TimeControl "5400+30"]

1. e4 c5 2. Nf3 Nc6 3. Bb5 g6 4. Bxc6 dxc6 5. d3 Bg7 6. h3 Nf6 7. Nc3 O-O 8. Be3 b6 9. Bf4 Be6 10. Qd2 Qd7 11. Ng5 Rfd8 12. O-O c4 13. Rad1 cxd3 14. cxd3 c5 15. Nxe6 Qxe6 16. Bh6 Rd7 17. Bxg7 Kxg7 18. f4 Rad8 19. f5 Qe5 20. Qe3 Qd4 21. Rf3 Qxe3+ 22. Rxe3 c4 23. fxg6 hxg6 0-1

[Event "AUT-ch U18 Boys 2022"]
[Site "Sankt Veit an der Glan"]
[Date "2022.04.12"]
[Round "5.10"]
[White "Liotta, Marcel"]
[Black "Braun, Hagen"]
[Result "1-0"]
[ECO "D05"]
[WhiteElo "1551"]
[BlackElo "1252"]
[Annotator "NA RC"]
[PlyCount "69"]
[EventDate "2022.04.11"]
[EventType "swiss"]
[EventCountry "AUT"]
[SourceTitle "playchess.com"]
[Source "ChessBase"]
[SourceQuality "1"]
[TimeControl "5400+30"]

1. d4 d5 2. Nf3 Nf6 3. e3 e6 4. Bd3 c5 5. b3 Be7 6. Bb2 Nc6 7. a3 O-O 8. Nbd2 a6 9. O-O b6 10. Ne5 Nxe5 11. dxe5 Nd7 12. f4 Bb7 13. Rf3 c4 14. Bxh7+ Kxh7 15. Rh3+ Kg8 16. Qh5 f6 17. Qh7+ Kf7 18. Qh5+ g6 19. Qh7+ Ke8 20. Qxg6+ Rf7 21. Rh8+ Bf8 22. bxc4 b5 23. exf6 Nxf6 24. Nf3 dxc4 25. Ne5 Qe7 26. Nxf7 Qxf7 27. Qxf6 Qxf6 28. Bxf6 Kf7 29. Bg5 Ra7 30. Rd1 Bc6 31. Rh7+ Bg7 32. Bh6 Kg6 33. Rxg7+ Rxg7 34. Bxg7 Kxg7 35. Rd6 1-0

[Event "AUT-ch U18 Boys 2022"]
[Site "Sankt Veit an der Glan"]
[Date "2022.04.13"]
[Round "6.1"]
[White "Kristoferitsch, Daniel"]
[Black "Tumanyan, Gor"]
[Result "1-0"]
[ECO "A56"]
[WhiteElo "2253"]
[BlackElo "1818"]
[Annotator "TA"]
[PlyCount "97"]
[EventDate "2022.04.11"]
[EventType "swiss"]
[EventCountry "AUT"]
[SourceTitle "playchess.com"]
[Source "ChessBase"]
[SourceQuality "1"]
[TimeControl "5400+30"]

1. d4 Nf6 2. c4 c5 3. d5 g6 4. Nc3 Bg7 5. e4 d6 6. Nf3 Bg4 7. h3 {[%emt 0:04:50] E90: King's Indian: Classical: Early deviations and 6 h3.} Bxf3 8. Qxf3 O-O 9. Be2 {[%emt 0:01:04] &Bianco is more active. White is slightly better.} a6 10. a4 e6 {[%emt 0:15:53] [#]} 11. Qg3 $146 ({Predecessor:} 11. O-O exd5 12. cxd5 Nbd7 13. Bf4 Ne8 14. Qg3 Rb8 15. a5 Qc7 16. Bg5 Nef6 17. Bf4 Ne8 18. Bg5 Nef6 19. Bf4 Ne5 20. Bxe5 dxe5 {0-1 (46) Hepworth,P-Gharamian,T (2654) London 2015}) 11... Re8 12. O-O exd5 13. exd5 Nbd7 14. Bf4 ({But not} 14. Qxd6 $2 Re5 15. Bg5 Rxg5 $19) 14... Ne5 15. h4 h5 16. Bg5 Qd7 17. Rae1 Neg4 18. Bf4 Rad8 19. Bd3 Rxe1 20. Rxe1 Re8 21. f3 Ne5 22. Bxe5 Rxe5 23. Rxe5 dxe5 24. Qxe5 Ng4 $2 25. Qb8+ $18 Kh7 {[%emt 0:00:12][%cal Od7e7] And now ...Qe7! would win.} 26. fxg4 Qxg4 {[%emt 0:00:43] Strongly threatening ...Qd4+.} 27. Ne2 {[%emt 0:05:11] Inhibits Qd4+.} ({Worse is} 27. Qxb7 Qd4+ 28. Kf1 Qxd3+ 29. Ne2 Qf5+ 30. Ke1 Qf6 $11) 27... Qxh4 28. g3 ({And not} 28. Qxb7 Qe1+ 29. Kh2 Qh4+ 30. Kg1 Qe1+ 31. Kh2 Qh4+ 32. Kg1 $11) 28... Qe7 29. Qf4 {[%emt 0:00:45] Against Qe3+} Bxb2 30. Kg2 (30. d6 $142 Qe6 31. Qf2) 30... Be5 31. Qe3 Qc7 {[%emt 0:00:21] [#]} (31... b6 $16 {might work better.} 32. Ng1 Qf6) 32. Ng1 (32. Qg5 $1 $18) 32... Bd4 33. Qf4 Be5 34. Qg5 Kg7 35. Ne2 Bf6 36. Qf4 Be5 37. Qe4 Qd6 38. Bc2 Bf6 39. Ng1 Bd4 40. Nh3 ({White should play} 40. Nf3 $18 Bf6 41. Qe3) 40... Bf6 41. Nf2 Bd4 42. Nd3 Bf6 43. Qf4 Qd7 (43... Qb6 44. Qe3 Bd4) 44. Nxc5 Qe7 (44... Qe8 $142 45. Ne4 Bd8) 45. Ne4 {[%emt 0:00:11] Threatens to win with d6.} Be5 {[%emt 0:00:24] [#]} 46. Qg5 (46. d6 $142 $1 Qe6 47. Qd2) 46... Qc7 (46... Qxg5 47. Nxg5 Bd6) 47. d6 Qa5 48. d7 f6 {[%emt 0:00:10] [#]} 49. Nxf6 $1 {[%emt 0:00:44][%mdl 512] Weighted Error Value: White=0.23 (precise) /Black=0.41} 1-0

[Event "AUT-ch U18 Boys 2022"]
[Site "Sankt Veit an der Glan"]
[Date "2022.04.13"]
[Round "6.2"]
[White "Ilijic, Mihajilo"]
[Black "Schernthaner, David"]
[Result "1/2-1/2"]
[ECO "D47"]
[WhiteElo "2079"]
[BlackElo "2213"]
[Annotator "TA"]
[PlyCount "67"]
[EventDate "2022.04.11"]
[EventType "swiss"]
[EventCountry "AUT"]
[SourceTitle "playchess.com"]
[Source "ChessBase"]
[SourceQuality "1"]
[TimeControl "5400+30"]

1. d4 d5 2. c4 c6 3. Nc3 Nf6 4. Nf3 e6 5. e3 Nbd7 6. Bd3 dxc4 7. Bxc4 b5 8. Bd3 Bb7 9. e4 b4 10. Na4 c5 11. e5 Nd5 12. O-O cxd4 13. Nxd4 $1 {[%emt 0:00:41][%mdl 4] is more profitable than 13.Re1 at the moment.} Nxe5 14. Bb5+ Nd7 15. Re1 $1 {[%emt 0:03:29] D47: Semi-Slav: Meran System.} Rc8 {[%emt 0:04:24] Prevents Bc6.} 16. b3 {[%emt 0:03:29] White wants to play Qh5.} Be7 {[%emt 0:05:29] [#] aiming for ...0-0.} 17. Rxe6 $1 {[%emt 0:16:25][%cal Oc1g5] Strongly threatening Bg5!} O-O $1 {[%emt 0:11:57] [#]} (17... fxe6 $2 18. Nxe6 Qa5 19. Nxg7+ Kf8 20. Bxd7 $18 (20. Ne6+ Kf7 $16)) 18. Nc6 $1 Bxc6 19. Rxc6 Nc7 {[%emt 0:01:37] Pair of Knights!} 20. Bf1 Ne5 21. Qxd8 Rfxd8 22. Rc2 Nd5 23. Rxc8 Rxc8 24. Bb2 Bf6 25. Rc1 (25. Rd1 {looks sharper.} Nc3 26. Rc1 h5 27. Nxc3 bxc3 28. Bxc3 Nf3+ 29. gxf3 Rxc3 30. Rxc3 Bxc3 31. f4) 25... Rxc1 {[%emt 0:00:23] The position is equal.} 26. Bxc1 {[%emt 0:00:04] [#]} Kf8 $146 ({Predecessor:} 26... Nc6 27. Bb5 Nd4 28. Bc4 Nc3 29. Nxc3 bxc3 30. Kf1 Be7 31. Be3 Nf5 32. Ke2 Nxe3 33. Kxe3 a5 34. Kd3 Bb4 {½-½ (34) Materia,M (2364)-Dudognon,T (2301) Marseille 2021}) 27. Bb2 Nd7 28. Bxf6 N7xf6 $11 {[%emt 0:00:04][%mdl 4096] Endgame KBN-KNN} 29. Bc4 Ke7 30. Kf1 Kd6 31. Ke2 h5 32. g3 Ke5 33. Kd3 g5 {[%emt 0:03:39] Prevents f4+.} 34. Nc5 {[%emt 0:02:27] An even fight not without its subleties.  Weighted Error Value: White=0.03 (flawless) /Black=0.02 (flawless)} 1/2-1/2

[Event "AUT-ch U18 Boys 2022"]
[Site "Sankt Veit an der Glan"]
[Date "2022.04.13"]
[Round "6.3"]
[White "Stadlinger, Matthias"]
[Black "Lotz, Dominik"]
[Result "1/2-1/2"]
[ECO "B12"]
[WhiteElo "2013"]
[BlackElo "1583"]
[Annotator "TA"]
[PlyCount "62"]
[EventDate "2022.04.11"]
[EventType "swiss"]
[EventCountry "AUT"]
[SourceTitle "playchess.com"]
[Source "ChessBase"]
[SourceQuality "1"]
[TimeControl "5400+30"]

1. e4 {[%emt 0:00:02] L'Ami,E} c6 2. d4 d5 3. e5 Bf5 4. Nc3 e6 5. g4 Bg6 6. Nge2 Be7 7. Ng3 {[%emt 0:05:32] B12: Caro-Kann: Advance Variation.} Nd7 {[%emt 0:01:36] [#]} 8. f4 $146 ({Predecessor:} 8. Be3 Qb6 9. Rb1 f6 10. exf6 gxf6 11. Bg2 Bd6 12. O-O Ne7 13. f4 f5 14. g5 h6 {0-1 (42) Petenyi,T (2359)-L'Ami,E (2611) Plovdiv 2012 CBM 148 [L'Ami,E]}) 8... Bh4 9. Be3 (9. Bh3 $14 {was preferrable.}) 9... Qb6 10. Na4 Qa5+ 11. c3 h5 12. f5 {[%emt 0:11:32] [#]} exf5 13. g5 ({Better is} 13. b4 $15 Qd8 14. gxf5 Bxf5 15. Bd3) 13... Nf8 (13... b5 $17 14. Nc5 Nxc5 15. dxc5 f4 16. Bxf4 Be4) 14. Nc5 $11 Qc7 15. Qf3 b6 16. Nd3 Ne6 {[%emt 0:00:41][%cal Of5f4] [#] Inhibits Qf4. White must now prevent ...f4!} 17. Ke2 (17. Rg1 $15) 17... Ne7 ({Resist} 17... Nxg5 18. Qf4 Bxg3 19. Qxg5 $14) 18. Bh3 Nxg5 ({Not} 18... Bxg5 19. Nxf5 Nxf5 20. Bxf5 $17) (18... c5 $19 {aiming for ...cxd4.} 19. Nxf5 Nxf5 20. Bxf5 Bxf5 21. Qxf5 cxd4 22. Bxd4 Qd7) 19. Bxg5 $17 Bxg5 20. Bxf5 $2 (20. Raf1 $17) 20... Nxf5 $2 (20... O-O $19 {Hoping for ...c5.} 21. h4 Bh6) 21. Nxf5 $11 O-O-O {[%emt 0:02:07] Strongly threatening ...h4.} 22. Nd6+ ({White should try} 22. Rhg1 $15 Bh6 23. Nxh6 Rxh6 24. Nf4) 22... Rxd6 $17 23. exd6 Qxd6 24. Qh3+ Kd8 25. Rae1 $2 (25. Rhe1 $17) 25... Re8+ $2 (25... Bxd3+ $19 26. Qxd3 Qf4) 26. Kd1 {[%emt 0:00:05] Threatens to win with Rxe8+.} Be4 ({Black should play} 26... Rxe1+ $17 27. Rxe1 Bxd3 28. Qxd3 Qxh2) 27. Ne5 Rxe5 28. dxe5 Qg6 ({Don't play} 28... Qxe5 29. Rhf1 $11) 29. Rhg1 Bc2+ {[%emt 0:00:54][%mdl 1024] Black has compensation. This bishop pair is nice.} (29... Bf5 $5 30. Rxg5 Qxg5 $15) 30. Ke2 Qe4+ 31. Kf2 (31. Kf1 $11 Qf4+ 32. Kg2) 31... Qf4+ {[%emt 0:03:44] Weighted Error Value: White=0.70/Black=0.69} 1/2-1/2

[Event "AUT-ch U18 Boys 2022"]
[Site "Sankt Veit an der Glan"]
[Date "2022.04.13"]
[Round "6.4"]
[White "Loreth, Thomas"]
[Black "Blasge, Tobias"]
[Result "0-1"]
[ECO "B10"]
[WhiteElo "1628"]
[BlackElo "1736"]
[Annotator "NA"]
[PlyCount "56"]
[EventDate "2022.04.11"]
[EventType "swiss"]
[EventCountry "AUT"]
[SourceTitle "playchess.com"]
[Source "ChessBase"]
[SourceQuality "1"]
[TimeControl "5400+30"]

1. e4 c6 2. c4 d5 3. cxd5 cxd5 4. exd5 Nf6 5. Nc3 g6 6. Bc4 Bg7 7. d3 O-O 8. Be3 b5 9. Bxb5 Nxd5 10. Qb3 Be6 11. Bc4 Nxe3 12. fxe3 Nc6 13. Bxe6 Rb8 14. Qc2 Nb4 15. Qb3 Nxd3+ 16. Ke2 Rxb3 17. Bxb3 Nxb2 18. Nd5 e6 19. Nb4 Qd6 20. Nc2 Qd3+ 21. Kf3 Nd1 22. Rc1 Qf1+ 23. Kg3 Be5+ 24. Kh4 Bf6+ 25. Kh3 Nf2+ 26. Kg3 Bh4+ 27. Kxh4 Qxc1 28. Ne2 Qxh1 0-1

[Event "AUT-ch U18 Boys 2022"]
[Site "Sankt Veit an der Glan"]
[Date "2022.04.13"]
[Round "6.5"]
[White "Hechl, Fabian"]
[Black "Pribozic, Manuel"]
[Result "0-1"]
[ECO "D00"]
[WhiteElo "2023"]
[BlackElo "1543"]
[Annotator "TA"]
[PlyCount "84"]
[EventDate "2022.04.11"]
[EventType "swiss"]
[EventCountry "AUT"]
[SourceTitle "playchess.com"]
[Source "ChessBase"]
[SourceQuality "1"]
[TimeControl "5400+30"]

1. d4 d5 2. Nc3 Nf6 3. Bf4 e6 4. Nb5 Bd6 5. Nxd6+ cxd6 6. e3 {[%emt 0:14:52] D00: 1 d4 d5: Unusual lines.} O-O {[%emt 0:09:32] [#]} 7. g4 $146 (7. c3 $11 {keeps the balance.}) ({Predecessor:} 7. Nf3 Nc6 8. Be2 Ne4 9. h3 f6 10. O-O e5 11. Bh2 Be6 12. c4 Rc8 13. Rc1 {0-1 (58) Alekseenko,K (2696)-Anisimov,P (2527) Chess.com INT 2021}) 7... Re8 8. Nf3 {[%emt 0:20:51] Prevents e5.} (8. Bg5 $15) 8... Nxg4 $17 9. h3 {[%emt 0:02:19] [#]} e5 $1 10. Bg5 {[%emt 0:11:31] [#]} (10. dxe5 $15 Nxe5 11. Bg2) (10. Bg3 Nf6) 10... f6 $1 {[%emt 0:00:33][%cal Og4f2] And now ...Nxf2! would win.} 11. Bh4 (11. hxg4 fxg5) 11... Nh6 12. dxe5 dxe5 13. Qd2 Nc6 14. O-O-O e4 15. Ng1 Nf5 16. Bg3 Nxg3 ({Black should try} 16... Be6 $19 {aiming for ...d4.} 17. Ne2 Qb6) 17. fxg3 Be6 18. Ne2 {[%emt 0:00:53] Inhibits d4.} Qb6 {[%emt 0:09:39] &Nero is more active.} 19. Nf4 Rad8 $36 {[%emt 0:01:25][%mdl 2048] Black is really pushing.} 20. Nxe6 Rxe6 21. Rh2 (21. c3 $17) 21... Red6 22. c3 {[%emt 0:02:17] Inhibits d4.} (22. Qc3 $17) 22... d4 $19 {[%emt 0:03:46] Strongly threatening ...dxc3.} ({Don't go for} 22... Ne5 $2 23. Re2 $19) 23. Bc4+ Kh8 {[%emt 0:00:05] White must now prevent ...dxc3.} 24. exd4 {[%emt 0:04:12] [#]} Nxd4 $1 25. Qf4 {[%emt 0:01:02] [#]} ({Don't play} 25. cxd4 Rxd4 26. b3 e3 27. Qxd4 Rxd4 $19) 25... Nf3 {[%emt 0:04:43] Against Rhd2} (25... Qc6 $142 $1 26. Rhd2 (26. cxd4 Qxc4+) 26... Qxc4 27. Rxd4 Rxd4 28. Rxd4 Rxd4 29. Qb8+ Qg8 30. Qxg8+ Kxg8 31. cxd4 Kf7) 26. Rxd6 Qxd6 ({Inferior is} 26... Rxd6 27. Rg2 $17) 27. Qxd6 Rxd6 {[%emt 0:00:05][%mdl 4096] Endgame KRB-KRN} 28. Re2 (28. Rf2 {might work better.}) 28... f5 29. g4 g6 30. Re3 Kg7 31. Be2 Ne5 32. gxf5 gxf5 33. Rg3+ (33. a3 $142) 33... Kf6 34. Rg8 Ng6 {[%emt 0:00:13] Hoping for ...e3.} 35. Ra8 a6 36. Ra7 (36. Re8 $142 Ne5 37. h4) 36... f4 {[%emt 0:00:42] ...f3 is the strong threat.} 37. Rxb7 f3 38. Bc4 Ne5 {[%emt 0:00:50] ( -> ...e3)} 39. Rxh7 e3 {[%emt 0:00:54][%cal Be4e3,Be3e2][%mdl 32] Black mates.} 40. Rh6+ Ng6 41. Rh7 e2 42. Rf7+ Ke5 {[%emt 0:00:01] Weighted Error Value: White=0.82/Black=0.20 (precise)} (42... Kg5 $142 43. Kc2 e1=Q 44. Kb3 Ne5 45. h4+ Qxh4 46. Rg7+ Kf6 47. Rc7 Nxc4 48. Rxc4 Rb6+ 49. Rb4 Rxb4+ 50. Ka3 {[#]} f2 $1 51. cxb4 f1=Q 52. Ka4 Qb5+ 53. Kb3 Qhc4+ 54. Ka3 Qcxb4#) 0-1

[Event "AUT-ch U18 Boys 2022"]
[Site "Sankt Veit an der Glan"]
[Date "2022.04.13"]
[Round "6.6"]
[White "Buchegger, Fridolin"]
[Black "Weichhart, Daniel"]
[Result "0-1"]
[ECO "D04"]
[WhiteElo "2010"]
[BlackElo "2032"]
[Annotator "TA"]
[PlyCount "86"]
[EventDate "2022.04.11"]
[EventType "swiss"]
[EventCountry "AUT"]
[SourceTitle "playchess.com"]
[Source "ChessBase"]
[SourceQuality "1"]
[TimeControl "5400+30"]

1. d4 d5 2. Nf3 Nf6 3. e3 Bg4 4. Nbd2 e6 5. h3 Bh5 (5... Bxf3 $5 6. Nxf3 c5 $11) 6. Be2 {[%emt 0:02:58] D04: Colle System.} (6. g4 $14 Bg6 7. Ne5) 6... Bd6 7. b3 O-O 8. Bb2 {[%emt 0:00:16] The position is equal.} c5 9. O-O cxd4 10. exd4 (10. Nxd4 $142 Bg6 11. c4) 10... Nc6 11. Ne5 Bxe2 12. Qxe2 Rc8 13. a3 a6 14. Rac1 Qe7 15. b4 {[%emt 0:00:35] [#]} b5 $146 ({Predecessor:} 15... Na7 16. c4 dxc4 17. Rxc4 Nd5 18. Rfc1 Rxc4 19. Rxc4 Nb6 20. Rc2 h6 21. Ne4 Bxe5 22. dxe5 {1-0 (72) Cortes Sobrevilla,C (1678)-Latorre Bueno,F (1548) Zaragoza 2015}) 16. Nb3 Bxe5 17. dxe5 Nd7 18. Qe3 Qd8 19. f4 Nb6 20. f5 Nc4 21. Qg3 {[%emt 0:00:51][%cal Of5f6] [#] Hoping for f6!} exf5 22. Bd4 (22. Bc3 $15 {should be considered.}) 22... Nxd4 ({Much weaker is} 22... Nxa3 $6 23. Rxf5 (23. Bc5 Re8 $15) 23... Nc4 24. c3 $11 (24. e6 Nxd4 25. exf7+ Rxf7 $15)) 23. Nxd4 Qb6 ({Black should play} 23... Nd2 $17 {Threatens to win with ...Qb6.} 24. Nxf5 g6 25. Nh6+ Kg7 26. Nf5+ Kh8) 24. Rf4 (24. Rcd1 $15) 24... Nxe5 25. Kh1 Rc4 (25... Qg6 $142 26. Qe3 Rfe8 27. Nxf5 Qg5) 26. Nxf5 $17 {[%emt 0:00:50][%csl Gf5][%cal Rg3g7] [#]} Ng6 $36 {[%emt 0:00:30][%mdl 2048] Black has strong initiative.} 27. Rxc4 dxc4 28. h4 (28. Rf1 $17) 28... Qf6 $19 29. Rf1 {[%emt 0:00:28][%cal Of5h6] Strongly threatening Nh6+!} Ne7 30. Ne3 Qe6 31. Ng4 Qg6 32. Kg1 $2 (32. Kh2) 32... h5 33. Qc7 Nd5 {[%emt 0:03:38] Prevents Nf6+.} ({Don't blunder} 33... Qxg4 $2 34. Qxe7 f6 35. Qe1 $17) 34. Qe5 hxg4 35. Qxd5 Qxc2 {[%emt 0:00:13][%mdl 4096] Endgame KQR-KQR} 36. Qd6 Qg6 37. Qd5 (37. Qxg6 fxg6 38. Re1) 37... Qe6 38. Qg5 (38. Qxe6 $142 fxe6 39. Rd1) 38... Re8 {[%emt 0:00:13] aiming for ...c3.} 39. Kh1 Qe2 40. Qf5 Qe6 (40... Re7 $142 41. Qc8+ Kh7) 41. Qg5 $1 f6 42. Qg6 Qe4 (42... Qe2 $142 43. Kh2 Qe5+ 44. Kh1 g3) 43. Qh5 Re5 {[%emt 0:00:29] Weighted Error Value: White=0.54/Black=0.41} 0-1

[Event "AUT-ch U18 Boys 2022"]
[Site "Sankt Veit an der Glan"]
[Date "2022.04.13"]
[Round "6.7"]
[White "Cafasso, Elia"]
[Black "Marte, Lukas"]
[Result "1/2-1/2"]
[ECO "C70"]
[WhiteElo "2061"]
[BlackElo "1614"]
[Annotator "TA"]
[PlyCount "73"]
[EventDate "2022.04.11"]
[EventType "swiss"]
[EventCountry "AUT"]
[SourceTitle "playchess.com"]
[Source "ChessBase"]
[SourceQuality "1"]
[TimeControl "5400+30"]

1. e4 e5 2. Nf3 Nc6 3. Bb5 a6 4. Ba4 b5 5. Bb3 Nf6 6. d4 d6 7. dxe5 {[%emt 0:00:27] C77: Ruy Lopez: 3...a6 4 Ba4 Nf6, unusual lines.} (7. c3 {looks sharper.} Be7 8. O-O O-O 9. Nbd2) 7... dxe5 8. Qxd8+ Nxd8 9. Nxe5 Bd6 10. Nf3 {[%emt 0:01:44] [#] And now e5 would win.} Nxe4 11. Bd5 Bb7 12. Bxb7 Nxb7 {[%emt 0:00:05] [#]} 13. Nbd2 $146 ({Predecessor:} 13. Be3 O-O 14. Nbd2 Nxd2 15. Nxd2 Nc5 16. O-O-O a5 17. Bxc5 Bxc5 18. Ne4 Bb6 19. Rd2 {½-½ (36) Kanzow,A (1614)-Triantafillidis,S (1721) Duesseldorf 2016}) 13... Nxd2 14. Bxd2 O-O 15. O-O Rfe8 16. Bc3 Nc5 17. b3 Rad8 18. Rad1 f6 19. Bb2 Kf7 20. Nd4 Bf8 21. g3 g6 22. Kg2 f5 23. Nc6 Rxd1 24. Rxd1 Bd6 25. Ba3 Re2 26. Nd4 Re8 27. Nc6 Re2 {[%emt 0:00:07] Strongly threatening ...Ne4.} 28. Nd4 Re8 29. Kf1 Ne4 30. Bxd6 Nxd6 $11 {[%emt 0:00:05][%mdl 4096] Endgame KRN-KRN} 31. Nc6 Ke6 32. Re1+ Kd7 (32... Ne4 $5 33. f3 Kd7 $11) 33. Rxe8 Kxe8 34. f3 Kf7 35. Ke2 Nb7 36. Kd3 (36. Nb8 $5 ) 36... Ke6 $1 37. c3 {[%emt 0:10:05] Weighted Error Value: White=0.07 (flawless) /Black=0.06 (flawless)} 1/2-1/2

[Event "AUT-ch U18 Boys 2022"]
[Site "Sankt Veit an der Glan"]
[Date "2022.04.13"]
[Round "6.8"]
[White "Martetschlaeger, Stefan"]
[Black "Schilcher, Marcel"]
[Result "0-1"]
[ECO "B92"]
[WhiteElo "1679"]
[BlackElo "1671"]
[Annotator "NA RC"]
[PlyCount "116"]
[EventDate "2022.04.11"]
[EventType "swiss"]
[EventCountry "AUT"]
[SourceTitle "playchess.com"]
[Source "ChessBase"]
[SourceQuality "1"]
[TimeControl "5400+30"]

1. e4 c5 2. Nf3 d6 3. d4 cxd4 4. Nxd4 Nf6 5. Nc3 a6 6. Be2 e5 7. Nb3 Be7 8. Bg5 Nbd7 9. Qd2 O-O 10. h4 b5 11. Nd5 Nxd5 12. Qxd5 Nb6 13. Qd2 f6 14. Be3 Be6 15. g4 Nc4 16. Bxc4 Bxc4 17. Na5 Qc7 18. Nxc4 Qxc4 19. Qd5+ Qxd5 20. exd5 Rac8 21. Kd2 f5 22. a4 f4 23. Bb6 Rb8 24. Ba5 bxa4 25. Bc3 Rb5 26. Rxa4 Ra8 27. h5 Rxd5+ 28. Ke2 Bd8 29. Rha1 a5 30. b4 Rc8 31. R1a3 axb4 32. Rxb4 Rdc5 33. Rbb3 Be7 34. Kd2 Kf7 35. Ra7 R5c7 36. Rbb7 Rxb7 37. Rxb7 Ke6 38. f3 h6 39. Kd3 Ra8 40. Bb4 Ra1 41. Rc7 Rh1 42. c4 Rd1+ 43. Ke2 Rb1 44. Bc3 Rb3 45. Kd2 Ra3 46. Rb7 Ra2+ 47. Bb2 e4 48. Ke1 Bh4+ 49. Kf1 exf3 50. Rb8 f2 51. Bxg7 Rc2 52. Rb1 f3 53. Bd4 Re2 54. Bc3 Kd7 55. Ba5 Ke6 56. g5 Bxg5 57. c5 dxc5 58. Bd8 Re1+ 0-1